 Dungeon Crawl Stone Soup version 0.21-a0-504-g2eda330 (webtiles) character file.

270 4thArraOfDagon the Ruffian (level 6, 0/59 HPs)
             Began as a Troll Monk on Nov 26, 2017.
             Slain by a centaur (5 damage)
             ... on level 6 of the Dungeon.
             The game lasted 00:03:16 (460 turns).

4thArraOfDagon the Ruffian (Troll Monk)              Turns: 460, Time: 00:03:16

Health: 0/59       AC:  5    Str: 20    XL:     6   Next: 1%
Magic:  5/5        EV: 10    Int:  8    God:
Gold:   51         SH:  0    Dex: 12    Spells: 5/5 levels left

rFire    . . .     SeeInvis .     - Unarmed
rCold    . . .     Gourm    +   (no shield)
rNeg     . . .     Faith    .   a - +0 robe
rPois    .         Spirit   .   (helmet restricted)
rElec    .         Reflect  .   (no cloak)
rCorr    .         Harm     .   (gloves unavailable)
MR       .....                  (boots unavailable)
Stlth    ++........             (no amulet)
HPRegen  0.59/turn              (no ring)
MPRegen  0.09/turn              (no ring)

@: lethally poisoned (0 -> 0)
A: large, unfitting armour, claws 3, fast metabolism 3, gourmand, regeneration
1, shaggy fur 1, tough skin 2
a: no special abilities


You were on level 6 of the Dungeon.
You were full.

You visited 1 branch of the dungeon, and saw 7 of its levels.

You collected 51 gold pieces.

Inventory:

Armour
 a - a +0 robe (worn)
Scrolls
 d - 3 scrolls of identify {unknown}
 e - a scroll of random uselessness {unknown}
Comestibles
 b - 4 bread rations
 c - a royal jelly


   Skills:
 - Level 2.4 Fighting
 - Level 2.4 Dodging
 - Level 1.0 Stealth
 * Level 6.8 Unarmed Combat


You had 5 spell levels left.
You didn't know any spells.

Dungeon Overview and Level Annotations

Branches:
Dungeon (7/15)
 Temple: D:4-7

Altars:
Ashenzari
Dithmenos
Ru

Shops:
D:5 =


Innate Abilities, Weirdness & Mutations

You are too large for most types of armour.
You have claws for hands.
Your metabolism is lightning-fast.
You like to eat raw meat.
Your natural rate of healing is unusually fast.
You are covered in fur. (AC +1)
You have very tough skin. (AC +2)


Message History

You claw the centaur!
The centaur is severely wounded.
The centaur hits you. The centaur barely misses you.
Unknown command.
You scratch the centaur. Your claw misses the centaur.
The centaur is almost dead.
You feel sick. The centaur hits you!
* * * LOW HITPOINT WARNING * * *
The centaur barely misses you. The centaur hits you.
* * * LOW HITPOINT WARNING * * *
Something hits you but does no damage.
Unknown command.
You mangle the centaur!!
You kill the centaur!
You have reached level 6!
Your experience leads to an increase in your attributes!
Increase (S)trength, (I)ntelligence, or (D)exterity?
You feel clever.
You feel stronger. The centaur hits you.
You die...

##...## #######.....
##...# #.... #...##
#....########....##...##
##...##.?..##.....#.....
##................#.....
#.................#.....
#...†.............#...>.
#.....(){.........#.....
##...##@##.##......#....
##+###c# .##.....#....
..# .##....#.... ...#
##...#.... ....#
##..#...# .....#
##.#..## ####+## ######.
#.! #.. _.###


You could see a centaur.

Vanquished Creatures
  A centaur (D:6)
  A scorpion (D:6)
  A bullfrog zombie (D:6)
  An orc priest (D:5)
  A hound (D:6)
  A killer bee zombie (D:6)
  A howler monkey zombie (D:5)
  2 adders (D:6)
  2 orcs
  2 quokkas
  A ball python (D:6)
  A goblin (D:3)
  A rat (D:1)
16 creatures vanquished.

Notes
Turn   | Place    | Note
-------+----------+-------------------------------------------
     0 | D:1      | 4thArraOfDagon the Troll Monk began the quest for the Orb.
     0 | D:1      | Reached XP level 1. HP: 22/22 MP: 0/0
     0 | D:1      | p0werm0de: https://www.youtube.com/watch?v=goYJj8TsysI
     0 | D:1      | p0werm0de: ....!
     0 | D:1      | p0werm0de: sunday morning anthem
     0 | D:1      | 4thArraOfDagon: what's new
     0 | D:1      | p0werm0de: this will give ya the p0wer to win
     0 | D:1      | p0werm0de: nothing much
     0 | D:1      | p0werm0de: ah yes
     0 | D:1      | 4thArraOfDagon: ohhh
     0 | D:1      | p0werm0de: tournament 5th january!!
     0 | D:1      | p0werm0de: is news
     0 | D:1      | 4thArraOfDagon: I was in the different Galaxy: https://www.youtube.com/watch?v=5t-Ja6Broc8
     0 | D:1      | 4thArraOfDagon: but glad to come back to solar system :)
     0 | D:1      | p0werm0de: haha
     0 | D:1      | p0werm0de: also nice thy
     0 | D:1      | 4thArraOfDagon: oh, lets prepare, streaking xom guys :)
    45 | D:2      | p0werm0de: wonder if someone is gonna challenge yermak again
    47 | D:2      | Found a shadowy altar of Dithmenos.
    64 | D:2      | p0werm0de: i wont try so hardcore sure
    87 | D:3      | p0werm0de: last time 0.19 major burnout after tourney
   130 | D:5      | Entered Level 5 of the Dungeon
   136 | D:5      | Noticed an orc priest
   140 | D:5      | Noticed an orc priest
   143 | D:5      | Found Heapa's Jewellery Boutique.
   165 | D:5      | Killed an orc priest
   165 | D:5      | Reached skill level 4 in Unarmed Combat
   165 | D:5      | Reached XP level 2. HP: 29/29 MP: 1/1
   165 | D:5      | Reached XP level 3. HP: 36/36 MP: 2/2
   229 | D:6      | Found a sacrificial altar of Ru.
   240 | D:6      | Reached skill level 5 in Unarmed Combat
   240 | D:6      | Reached XP level 4. HP: 39/44 MP: 3/3
   261 | D:6      | Found a shattered altar of Ashenzari.
   341 | D:6      | Reached XP level 5. HP: 23/50 MP: 4/4
   364 | D:7      | Noticed a centaur
   384 | D:6      | Reached skill level 6 in Unarmed Combat
   422 | D:6      | p0werm0de: jacques!
   424 | D:6      | jacquesderrida: o.o
   448 | D:6      | Noticed a centaur
   448 | D:6      | jacquesderrida: m0nker
   454 | D:6      | Noticed a sky beast
   454 | D:6      | Noticed a centaur
   454 | D:6      | jacquesderrida: u here
   456 | D:6      | jacquesderrida: u a live
   460 | D:6      | Killed a centaur
   460 | D:6      | Reached XP level 6. HP: 5/59 MP: 5/5
   460 | D:6      | Slain by a centaur

Vault maps used:
D:1:      arrival_zaba_pyramid, minmay_misc_feat_five, minivault_5,
          bh_walls_and_bars
D:2:      overflow_temple_1_default
D:3:      nicolae_overflow_crystal_walls
D:4:      kennysheep_big_flooded_room, kennysheep_mini_moat,
          gammafunk_temple_overflow_pools
D:5:      temple_fountains, serial_shops, nicolae_shop_trees, first_bread
D:6:      vehumet_statue, nicolae_ashenzari_panopticon,
          nicolae_ru_sacrificial_ziggurat
D:7:      lemuel_ice_spiral_2, grunt_temple_overflow_order_and_chaos_1,
          elyvilon_altar_4, serial_curves, eino_curves_02, eino_curves_01,
          grunt_ogre_cave, nrook_uturn, sigmund_edmund_badplayer, uniq_joseph,
          uniq_duvessa

Skill      XL: |  1  2  3  4  5 |
---------------+----------------+-----
Unarmed Combat | 4 5 6 |  6.8
Fighting       | |  2.4
Dodging        | |  2.4
Stealth        | |  1.0

Action                   |  1- 3 |  4- 6 || total
-------------------------+-------+-------++-------
Melee: Unarmed           |    17 |    45 ||    62
       Punch             |     2 |     1 ||     3
  Use: Potion            |       |     1 ||     1
 Stab: Sleeping          |     1 |       ||     1
  Eat: Chunk             |     5 |     1 ||     6
Armor: Robe              |     1 |    11 ||    12
Dodge: Dodged            |     4 |    23 ||    27

Table legend:
 A = Spawn XP
 B = Non-spawn XP
 C = Spawn XP percentage of total XP
 D = Spawn monster count
 E = Non-spawn monster count
 F = Spawn count percentage of total count
 G = Total turns spent on level
                    A         B        C        D         E        F      G
               +---------+---------+-------+---------+---------+-------+---------
         Total |       0 |     387 |   0.0 |       0 |      16 |   0.0 |   460
               +---------+---------+-------+---------+---------+-------+---------
           D:1 |       0 |       1 |   0.0 |       0 |       1 |   0.0 |    44
           D:3 |       0 |       3 |   0.0 |       0 |       2 |   0.0 |    45
           D:5 |       0 |      61 |   0.0 |       0 |       4 |   0.0 |    92
           D:6 |       0 |     322 |   0.0 |       0 |       9 |   0.0 |   223
               +---------+---------+-------+---------+---------+-------+---------
